 Dungeon Crawl Stone Soup version 0.22.0-38-g04b72b8 (webtiles) character file.

31193 Loudmushroom the Severer (level 13, -2/118 HPs)
             Began as a Minotaur Berserker on Aug 26, 2018.
             Was a High Priest of Trog.
             Slain by a spriggan rider
             ... wielding a +3 spear of piercing
              (11 damage)
             ... on level 6 of the Lair of Beasts.
             The game lasted 01:34:36 (18122 turns).

Loudmushroom the Severer (Minotaur Berserker)      Turns: 18122, Time: 01:34:37

Health: -2/118     AC: 23    Str: 23    XL:     13   Next: 24%
Magic:  16/16      EV: 12    Int:  4    God:    Trog [*****.]
Gold:   1061       SH:  3    Dex: 14    Spells: 12/12 levels left

rFire    + . .     SeeInvis .   a - +0 hand axe of the Hills {drain, +Rage rPois rF+}
rCold    . . .     Gourm    .   y - +0 buckler
rNeg     . . .     Faith    .   E - +0 plate armour
rPois    +         Spirit   .   Y - +1 hat
rElec    .         Reflect  .   B - +1 cloak
rCorr    .         Harm     .   g - +2 pair of gloves
MR       .....                  M - +0 pair of boots
Stlth    ..........             (no amulet)
HPRegen  0.29/turn              (no ring)
MPRegen  0.15/turn              I - ring of poison resistance

@: no status effects
A: retaliatory headbutt, horns 2
a: Berserk, Trog's Hand, Brothers in Arms, Renounce Religion, Evoke Berserk Rage


You were on level 6 of the Lair of Beasts.
You worshipped Trog.
Trog was extremely pleased with you.
You were not hungry.

You visited 5 branches of the dungeon, and saw 19 of its levels.

You collected 1061 gold pieces.

Inventory:

Hand Weapons
 a - the +0 hand axe of the Hills (weapon) {drain, +Rage rPois rF+}
   (You found it on level 6 of the Dungeon)

   A truly terrible weapon, it drains the life of those it strikes.
   It protects you from fire.
   It protects you from poison.
   It lets you go berserk.
 b - a +0 hand crossbow
 u - a +4 hand axe of chopping
 J - a +0 shortbow
 L - a +1 hand axe of venom
 O - a +0 war axe
 Q - a +0 mace of protection
Missiles
 i - 2 needles of sleeping
 m - 15 tomahawks (quivered)
 p - 48 poisoned needles
 q - 71 bolts
 K - 145 arrows
 U - 2 needles of paralysis
 V - 10 curare-tipped needles
 X - 5 javelins
Armour
 g - a +2 pair of gloves (worn)
 y - a +0 buckler (worn)
 B - a +1 cloak (worn)
 E - a +0 plate armour (worn)
 M - a +0 pair of boots (worn)
 Y - a +1 hat (worn)
Jewellery
 I - a ring of poison resistance (right hand)
 N - a cursed ring of attention {unknown}
Wands
 d - a wand of scattershot (4)
 l - a wand of digging (24)
 v - a wand of acid (20)
 w - a wand of enslavement (26)
 F - a wand of flame (21)
 H - a wand of polymorph (17)
Scrolls
 f - 7 scrolls of remove curse
 h - 2 scrolls of magic mapping
 k - 9 scrolls of identify
 x - 5 scrolls of teleportation
 z - a scroll of blinking
 C - 2 scrolls of fear
 D - a scroll of enchant weapon
 S - 3 scrolls of immolation
Potions
 e - 4 potions of might
 j - 5 potions of lignification
 n - 6 potions of curing
 o - a potion of resistance
 s - 3 potions of haste
 t - 8 potions of heal wounds
 A - a potion of invisibility
 G - a potion of agility
 T - 2 potions of mutation
Miscellaneous
 r - a lightning rod (4/4)
Comestibles
 c - 16 rations
 P - 22 chunks of flesh


   Skills:
 + Level 12.1 Fighting
 * Level 16.0 Axes
 + Level 11.8 Armour
 + Level 10.9 Dodging
 + Level 5.7 Evocations


You had 12 spell levels left.
You didn't know any spells.
Your spell library contained the following spells:

 Spells                   Type           Power        Failure   Level  Hunger
 Confusing Touch          Hex            #.....       100%        1    ##.....
 Summon Butterflies       Summ           #.......     100%        1    ##.....
 Blink                    Tloc           N/A          100%        2    ###....
 Shroud of Golubria       Chrm/Tloc      #.........   100%        2    ###....
 Sublimation of Blood     Necr           #.........   100%        2    ###....
 Call Canine Familiar     Summ           #.......     100%        3    ####...
 Confuse                  Hex            #.......     100%        3    ####...
 Gell's Gravitas          Tloc           #.........   100%        3    ####...
 Ignite Poison            Fire/Tmut/Pois #.......     100%        3    ####...
 Lesser Beckoning         Tloc           #.........   100%        3    ####...
 Teleport Other           Tloc           #.......     100%        3    ####...
 Passage of Golubria      Tloc           N/A          100%        4    #####..
 Petrify                  Tmut/Erth      #.......     100%        4    #####..
 Summon Ice Beast         Ice/Summ       #.......     100%        4    #####..
 Alistair's Intoxication  Tmut/Pois      #.......     100%        5    ######.
 Irradiate                Conj/Tmut      #.........   100%        5    ######.
 Metabolic Englaciation   Hex/Ice        #.........   100%        5    ######.
 Summon Mana Viper        Hex/Summ       #.......     100%        5    ######.
 Yara's Violent Unravell  Hex/Tmut       #.........   100%        5    ######.
 Summon Hydra             Summ           #.........   100%        7    #######


Dungeon Overview and Level Annotations

Branches:
Dungeon (10/15)            Temple (0/1) D:6            Lair (6/6) D:8
 Shoals (1/4) Lair:4        Snake (1/4) Lair:3        Slime (1/5) Lair:6
    Orc: D:9-12

Altars:
Fedhas
Gozag
Hepliaklqana
Nemelex Xobeh
Okawaru
Trog
Vehumet
Wu Jian
Zin
The Shining One
Jiyva

Shops:
D:7 =

Annotations:
D:8 1 transporter, exclusion: orange crystal statue
Lair:5 exclusion: oklob plant
Shoals:1 Louise


Innate Abilities, Weirdness & Mutations

You reflexively headbutt those who attack you in melee.
You have a pair of horns on your head.


Message History

You see here a wolf skeleton.
The spriggan rider hits you but does no damage.
The spriggan rider closely misses you.
The spriggan rider hits you from afar with a spear of piercing!
The spriggan rider hits you from afar with a spear of piercing!
The spriggan rider hits you from afar with a spear of piercing!
The spriggan rider hits you from afar with a spear of piercing!
* * * LOW HITPOINT WARNING * * *
The spriggan rider hits you from afar with a spear of piercing.
* * * LOW HITPOINT WARNING * * *
x2
As you read the scroll of fear, it crumbles to dust.
You assume a fearsome visage.
The spriggan rider easily resists.
The yak looks frightened! x2
The spriggan rider hits you from afar with a spear of piercing!
* * * LOW HITPOINT WARNING * * *
x2
Things that are here:
a robe; a rapier The spriggan rider hits you but does no damage.
The spriggan rider hits you from afar with a spear of piercing!
You die...

.......P..............#.# # #....
...#..P###.#.#....#...### ##.#.#
....#####..####..#...## #..###
.....# ##.# #####P..# ##.## .....#
#..# #..## ###..# .....#####.#####
##..#####.#.##
...#.##.#..(.#P#####.#...##....#
...P........#..#.##P[.#...P....#.
................@.i.[............
.....))..[.......................
......#####.....................#
.....## #...................###
....## #...................#
....### #..................## #
....#.#####.................P##.#
)....#.P#.#..................P.##
..รท............[.................


You could see a spriggan rider.

Vanquished Creatures
  6 hydras
  A two-headed ogre (D:10)
  3 death yaks (Lair:5)
  Pikel (D:6)
  2 black mambas (Lair:1)
  8 spiny frogs
  A gargoyle (D:10)
  3 rime drakes
  8 komodo dragons
  2 trolls
  2 dream sheep (Lair:6)
  4 hornets
  3 polar bears (Lair:6)
  6 hippogriffs
  A shadow (D:9)
  16 yaks
  15 spriggans
  Eustachio (D:4)
  2 wyverns (Lair:5)
  Menkaure (D:5)
  2 basilisks
  3 nagas
  13 water moccasins
  7 porcupines
  3 sky beasts
  2 orc warriors
  A hornet zombie (D:9)
  An ice beast (D:10)
  A phantom (D:6)
  A slave (D:6)
  2 black bears
  19 wolves
  4 boggarts (Lair:6)
  9 ogres
  6 crocodiles
  4 centaurs
  17 bullfrogs
  A wyvern skeleton (D:9)
  7 killer bees (D:8)
  7 hounds
  6 orc wizards
  A centaur skeleton (D:4)
  6 orc priests
  A bullfrog skeleton (D:6)
  7 worker ants
  An iguana (D:4)
  A hound zombie (D:6)
  A hound skeleton (D:4)
  4 gnolls (D:3)
  25 adders
  A shadow imp (D:9)
  An ooze (D:1)
  2 adder skeletons
  An adder zombie (D:9)
  4 worms
  4 leopard geckos
  26 orcs
  2 ball pythons (D:2)
  A giant cockroach (D:1)
  11 goblins
  8 hobgoblins
  11 jackals
  7 kobolds
  3 quokkas
  9 bats
  4 frilled lizards
  2 quokka skeletons (D:4)
  6 rats
  A plant (D:8)
353 creatures vanquished.

Vanquished Creatures (others)
  A slave (D:6)
  A worm (D:2)
  An orc (D:6)
  19 fungi
  39 plants
61 creatures vanquished.

Grand Total: 414 creatures vanquished

Notes
Turn   | Place    | Note
-------+----------+-------------------------------------------
     0 | D:1      | Loudmushroom the Minotaur Berserker began the quest for the Orb.
     0 | D:1      | Reached XP level 1. HP: 19/19 MP: 0/0
   148 | D:1      | Reached XP level 2. HP: 14/27 MP: 1/1
   156 | D:1      | Reached skill level 4 in Axes
   369 | D:1      | Reached ** piety under Trog
   887 | D:2      | Found a bloodstained altar of Trog.
   896 | D:2      | Reached XP level 3. HP: 32/33 MP: 2/2
  1173 | D:2      | Found a hazy altar of Hepliaklqana.
  1727 | D:3      | Reached XP level 4. HP: 40/40 MP: 3/3
  2064 | D:3      | Found an opulent altar of Gozag.
  2180 | D:3      | Reached skill level 5 in Axes
  2477 | D:3      | Reached *** piety under Trog
  2477 | D:3      | Reached XP level 5. HP: 47/47 MP: 4/4
  2742 | D:4      | Found a sparkling altar of Nemelex Xobeh.
  2742 | D:4      | Found a glowing golden altar of the Shining One.
  2834 | D:4      | Noticed Eustachio
  2855 | D:4      | Killed Eustachio
  2855 | D:4      | Reached skill level 5 in Fighting
  2855 | D:4      | Reached skill level 6 in Axes
  2855 | D:4      | Reached XP level 6. HP: 23/56 MP: 5/5
  3227 | D:4      | Found a radiant altar of Vehumet.
  3580 | D:4      | Found an iron altar of Okawaru.
  3588 | D:4      | Reached XP level 7. HP: 61/61 MP: 6/6
  3672 | D:5      | Entered Level 5 of the Dungeon
  3930 | D:5      | Reached skill level 7 in Axes
  4152 | D:5      | Noticed Menkaure
  4162 | D:5      | Killed Menkaure
  4162 | D:5      | Reached skill level 5 in Armour
  4946 | D:6      | Reached skill level 8 in Axes
  4946 | D:6      | Reached skill level 5 in Dodging
  4946 | D:6      | Reached XP level 8. HP: 70/70 MP: 7/7
  5050 | D:6      | Reached **** piety under Trog
  5059 | D:6      | Found a blossoming altar of Fedhas.
  5068 | D:6      | Noticed Pikel
  5077 | D:6      | Killed Pikel
  5077 | D:6      | Reached skill level 9 in Axes
  5278 | D:6      | Found a staircase to the Ecumenical Temple.
  5472 | D:6      | Got an ancient hand axe
  5473 | D:6      | Identified the +0 hand axe of the Hills {drain, +Rage rPois rF+} (You found it on level 6 of the Dungeon)
  5646 | D:7      | Reached XP level 9. HP: 73/79 MP: 8/8
  5836 | D:7      | Found a glowing silver altar of Zin.
  6293 | D:7      | Found Qadavi's Jewellery Shop.
  6427 | D:7      | Reached skill level 10 in Axes
  6663 | D:8      | Found an ornate altar of the Wu Jian Council.
  6749 | D:8      | Found a transporter.
  6749 | D:8      | Noticed an orange crystal statue
  6749 | D:8      | Noticed a fire crab
  6766 | D:8      | Noticed a two-headed ogre
  6804 | D:8      | Found an ornate altar of the Wu Jian Council.
  7014 | D:8      | Found a staircase to the Lair.
  7583 | D:8      | Reached skill level 11 in Axes
  7900 | D:9      | Noticed a troll
  7910 | D:9      | Killed a troll
  7910 | D:9      | Reached XP level 10. HP: 80/90 MP: 9/9
  8596 | D:10     | Entered Level 10 of the Dungeon
  8678 | D:10     | Reached skill level 12 in Axes
  8727 | D:10     | Noticed a gargoyle
  8755 | D:10     | Killed a gargoyle
  9145 | D:10     | Noticed a two-headed ogre
  9155 | D:10     | Killed a two-headed ogre
  9431 | Lair:1   | Entered Level 1 of the Lair of Beasts
  9771 | Lair:1   | You fall through a shaft!
  9809 | Lair:2   | Reached XP level 11. HP: 72/99 MP: 10/10
  9980 | Lair:1   | Reached skill level 13 in Axes
 10091 | Lair:1   | Reached skill level 1 in Evocations
 10294 | Lair:1   | Reached skill level 10 in Fighting
 11473 | Lair:2   | Noticed an eight-headed hydra
 11492 | Lair:2   | Killed an eight-headed hydra
 11492 | Lair:2   | Reached skill level 10 in Armour
 11702 | Lair:2   | Noticed a four-headed hydra
 11713 | Lair:2   | Killed a four-headed hydra
 11714 | Lair:2   | Reached skill level 14 in Axes
 11850 | Lair:2   | Noticed a four-headed hydra
 11860 | Lair:2   | Killed a four-headed hydra
 12757 | Lair:2   | Reached XP level 12. HP: 103/108 MP: 13/13
 13057 | Lair:3   | Found a staircase to the Snake Pit.
 13210 | Snake:1  | Entered Level 1 of the Snake Pit
 13210 | Snake:1  | Noticed a naga warrior
 14160 | Lair:4   | Found a staircase to the Shoals.
 14167 | Shoals:1 | Entered Level 1 of the Shoals
 14167 | Shoals:1 | Noticed Louise
 14667 | Lair:4   | Reached ***** piety under Trog
 14802 | Lair:4   | Reached skill level 10 in Dodging
 16039 | Lair:6   | Entered Level 6 of the Lair of Beasts
 16048 | Lair:6   | Received a gift from Trog
 16048 | Lair:6   | Reached skill level 15 in Axes
 16110 | Lair:6   | Noticed a four-headed hydra
 16117 | Lair:6   | Killed a four-headed hydra
 16466 | Lair:6   | Noticed a five-headed hydra
 16481 | Lair:6   | Killed a five-headed hydra
 16770 | Lair:6   | Noticed a six-headed hydra
 16780 | Lair:6   | Killed a six-headed hydra
 16780 | Lair:6   | Reached skill level 5 in Evocations
 16886 | Lair:6   | Noticed a seven-headed hydra
 16890 | Lair:6   | Noticed a five-headed hydra
 16892 | Lair:6   | Noticed a seven-headed hydra
 17163 | Lair:6   | Found a staircase to the Slime Pits.
 17166 | Lair:6   | Found a viscous altar of Jiyva.
 17189 | Slime:1  | Entered Level 1 of the Pits of Slime
 17189 | Slime:1  | Noticed an acid blob
 17441 | Lair:6   | Reached XP level 13. HP: 117/117 MP: 15/15
 17866 | Lair:6   | Reached skill level 16 in Axes
 18122 | Lair:6   | Slain by a spriggan rider

Skill      XL: |  1  2  3  4  5  6  7  8  9 10 11 12 13 |
---------------+----------------------------------------+-----
Axes           | 4 5 6 8 9 11 12 14 15 16 | 16.0
Fighting       | 4 5 6 7 8 9 10 11 12 | 12.1
Armour         | 3 4 5 6 8 9 10 11 | 11.8
Dodging        | 3 4 5 6 7 8 9 10 | 10.9
Evocations     | 3 5 |  5.7

Action                   |  1- 3 |  4- 6 |  7- 9 | 10-12 | 13-15 || total
-------------------------+-------+-------+-------+-------+-------++-------
Melee: Hand axe          |    76 |    83 |   285 |   649 |   134 ||  1227
       Headbutt          |    12 |    16 |    67 |   176 |    38 ||   309
       Mace              |       |       |       |    83 |       ||    83
 Fire: Hunting sling     |       |       |       |     7 |       ||     7
Throw: Tomahawk          |       |       |     3 |       |       ||     3
Invok: Berserk           |       |     1 |     1 |     7 |     1 ||    10
       Trog's Hand       |       |       |     2 |     3 |       ||     5
  Use: Scroll            |       |       |    25 |    13 |     1 ||    39
  Eat: Chunk             |     2 |     6 |     8 |    16 |     3 ||    35
       Ration            |       |       |     3 |     6 |       ||     9
Armor: Animal skin       |     3 |       |       |       |       ||     3
       Ring mail         |    30 |    13 |       |       |       ||    43
       Plate armour      |       |    47 |   132 |   473 |    60 ||   712
Dodge: Dodged            |    76 |    37 |    91 |   386 |    74 ||   664
Block: Buckler           |       |     9 |    40 |   129 |    14 ||   192
